 Dungeon Crawl Stone Soup version 0.27.1-33-g824d729ab1 (webtiles) character file.

Game seed: 16821235345922293708

86 MisterFreud the Fighter (level 4, 0/45 HPs)
             Began as a Gnoll Wanderer on Nov 28, 2021.
             Was a Follower of Vehumet.
             Slain by a centaur (6 damage)
             ... on level 3 of the Dungeon.
             The game lasted 00:02:46 (2537 turns).

MisterFreud the Fighter (Gnoll Wanderer)            Turns: 2537, Time: 00:02:47

Health: 0/45       AC:  2    Str: 13    XL:     4   Next: 49%
Magic:  3/5        EV: 11    Int: 11    God:    Vehumet [*.....]
Gold:   29         SH:  0    Dex: 11    Spells: 3/5 levels left

rFire    . . .     SeeInvis .   a - +2 dagger
rCold    . . .     Faith    .   (no shield)
rNeg     . . .     Spirit   .   c - +0 robe
rPois    .         Reflect  .   (no helmet)
rElec    .         Harm     .   (no cloak)
rCorr    .         Rampage  .   (no gloves)
Will     .....                  (no boots)
Stlth    ++........             (no amulet)
HPRegen  0.15/turn              (no ring)
MPRegen  0.09/turn              (no ring)

@: no status effects
A: fangs 1, strong nose, distributed training
a: Renounce Religion


You were on level 3 of the Dungeon.
You worshipped Vehumet.
Vehumet was aware of your devotion.
You visited 1 branch of the dungeon, and saw 3 of its levels.

You collected 51 gold pieces.
You spent 22 gold pieces at shops.

Inventory:

Hand Weapons
 a - a +2 dagger (weapon)
Missiles
 f - 87 stones (quivered)
 o - 8 poisoned darts
Armour
 c - a +0 robe (worn)
Scrolls
 e - 4 scrolls of identify
 g - a scroll of fear {unknown}
 k - a scroll of holy word {unknown}
 l - a scroll of vulnerability {unknown}
 m - a scroll of silence {unknown}
 n - a scroll of noise {unknown}
 p - a scroll of blinking {unknown}
Potions
 b - a potion of berserk rage
 d - 2 potions of heal wounds {unknown}
 h - a potion of mutation {unknown}
 i - a potion of curing {unknown}
 j - 3 potions of lignification {unknown}


   Skills:
 + Level 8.5 Fighting
 + Level 1.1 Short Blades
 + Level 1.1 Long Blades
 + Level 1.1 Axes
 + Level 1.1 Maces & Flails
 + Level 1.1 Polearms
 + Level 2.7 Staves
 + Level 1.1 Slings
 + Level 1.1 Bows
 + Level 1.1 Crossbows
 + Level 1.1 Throwing
 + Level 1.1 Armour
 + Level 1.1 Dodging
 + Level 2.5 Stealth
 + Level 2.7 Shields
 + Level 1.1 Unarmed Combat
 + Level 1.1 Spellcasting
 + Level 0.9 Conjurations
 + Level 0.9 Hexes
 + Level 0.9 Summonings
 + Level 0.9 Necromancy
 + Level 0.9 Translocations
 + Level 0.9 Transmutations
 + Level 2.2 Fire Magic
 + Level 0.9 Ice Magic
 + Level 0.9 Air Magic
 + Level 3.8 Earth Magic
 + Level 0.9 Poison Magic
 + Level 1.2 Invocations
 + Level 1.1 Evocations


You had 3 spell levels left.
You knew the following spells:

 Your Spells              Type           Power      Damage    Failure   Level
a - Sandblast             Erth           18%        2d7       7%          1
b - Shock                 Conj/Air       8%         1d3       22%         1

Your spell library contained the following spells:

 Spells                   Type           Power      Damage    Failure   Level
 Freeze                   Ice            8%         1d3       22%         1
 Stone Arrow              Conj/Erth      10%        3d7       34%         3
 Frozen Ramparts          Ice            4%         1d2       54%         3


Dungeon Overview and Level Annotations

Branches:
Dungeon (3/15)

Altars:
Vehumet

Shops:
D:2 *


Innate Abilities, Weirdness & Mutations

You have very sharp teeth.
Your uncanny sense of smell can sniff out nearby items.
Your experience applies equally to all skills.


Message History

The centaur hits you but does no damage.
The centaur closely misses you.
Casting: Sandblast (safe; 7% risk of failure)
Confirm with . or Enter, or press ? or * to list all spells.
Aiming: Sandblast (safe; 7% risk of failure)
Press: ? - help, Shift-Dir - straight line, f - centaur
Aim: a centaur, quivering arrows (87% to hit)
The blast of sand hits the centaur.
The centaur is lightly wounded.
f - 88 stones The centaur hits you.
The centaur barely misses you.
The centaur hits you but does no damage.
The centaur closely misses you.
Unknown command.
You hit the centaur. You bite the centaur, but do no damage.
The centaur is lightly wounded.
The centaur hits you. The centaur kicks you.
You hit the centaur.
The centaur is moderately wounded.
The centaur barely misses you. The centaur closely misses you.
The centaur hits you.
* * * LOW HITPOINT WARNING * * *
The centaur kicks you but does no damage.
You hit the centaur.
The centaur is heavily wounded.
The centaur closely misses you. The centaur kicks you.
* * * LOW HITPOINT WARNING * * *
Casting: Sandblast (safe; 7% risk of failure)
Confirm with . or Enter, or press ? or * to list all spells.
Aiming: Sandblast (safe; 7% risk of failure)
Press: ? - help, Shift-Dir - straight line, f/p - centaur
Aim: a centaur, quivering arrows (heavily wounded, 87% to hit)
The blast of sand hits the centaur but does no damage.
The centaur is heavily wounded.
f - 87 stones The centaur hits you.
* * * LOW HITPOINT WARNING * * *
The centaur kicks you but does no damage.
The centaur hits you.
You die...

#.# #.# # #.# #+.
#.# #.# #.# #.#
#.# ##.## #c#
##...## #@#
#<....#### #.#
##†.......
#.#########>.#####
#..........#.#
##########...#
#####


You could see a centaur.

Vanquished Creatures
  4 adders (D:2)
  5 ball pythons
  4 endoplasms
  5 giant cockroaches (D:1)
  7 goblins
  2 hobgoblins
  2 jackals (D:1)
  6 kobolds
  A quokka (D:1)
  4 bats
  3 frilled lizards
  3 rats
46 creatures vanquished.

Notes
Turn   | Place    | Note
-------+----------+-------------------------------------------
     0 | D:1      | MisterFreud the Gnoll Wanderer began the quest for the Orb.
     0 | D:1      | MisterFreud set off with the following items: a +2 dagger,
                  | a potion of berserk rage, a +0 robe; and the following
                  | spells available to memorise: Sandblast, Freeze, Stone
                  | Arrow, Frozen Ramparts
     0 | D:1      | Reached XP level 1. HP: 26/26 MP: 1/1
   354 | D:1      | Reached XP level 2. HP: 33/33 MP: 2/2
   365 | D:1      | Learned a level 1 spell: Sandblast
   898 | D:1      | Reached XP level 3. HP: 37/38 MP: 3/3
  1358 | D:2      | Reached skill level 1 in Invocations
  1436 | D:2      | Found a faded altar of an unknown god.
  1448 | D:2      | Reached skill level 1 in Short Blades
  1448 | D:2      | Reached skill level 1 in Long Blades
  1448 | D:2      | Reached skill level 1 in Axes
  1448 | D:2      | Reached skill level 1 in Maces & Flails
  1448 | D:2      | Reached skill level 1 in Polearms
  1448 | D:2      | Reached skill level 1 in Slings
  1448 | D:2      | Reached skill level 1 in Bows
  1448 | D:2      | Reached skill level 1 in Crossbows
  1448 | D:2      | Reached skill level 1 in Throwing
  1448 | D:2      | Reached skill level 1 in Armour
  1448 | D:2      | Reached skill level 1 in Dodging
  1448 | D:2      | Reached skill level 1 in Unarmed Combat
  1448 | D:2      | Reached skill level 1 in Spellcasting
  1448 | D:2      | Reached skill level 1 in Evocations
  1492 | D:2      | Became a worshipper of Vehumet
  1492 | D:2      | Reached * piety under Vehumet
  1492 | D:2      | Offered knowledge of Shock by Vehumet.
  1495 | D:2      | Learned a level 1 spell: Shock
  1760 | D:2      | Reached XP level 4. HP: 34/45 MP: 3/5
  2187 | D:2      | Found Eziuvibi's General Store.
  2191 | D:2      | Bought a scroll of identify for 22 gold pieces
  2529 | D:3      | Noticed a centaur
  2537 | D:3      | Slain by a centaur

Illustrated notes

Levels and vault maps discovered:
D:1:      scummos_arrival_checkerplants, layout_loops_ring, minmay_tromino_v4_c
D:2:      layout_loops_corners, chequers_ecumenical_altar_island, serial_shops,
          nicolae_shop_crystal, minmay_fractal_squares_5
D:3:      layout_loops_corners, mainiacjoe_overflow_six_doors_small,
          mainiacjoe_overflow_boulevard

Skill      XL: |  1  2  3 |
---------------+----------+-----
Fire Magic     | 2 |  2.2
Invocations    | 1 |  1.2
Short Blades   | 1 |  1.1
Long Blades    | 1 |  1.1
Axes           | 1 |  1.1
Maces & Flails | 1 |  1.1
Polearms       | 1 |  1.1
Slings         | 1 |  1.1
Bows           | 1 |  1.1
Crossbows      | 1 |  1.1
Throwing       | 1 |  1.1
Armour         | 1 |  1.1
Dodging        | 1 |  1.1
Unarmed Combat | 1 |  1.1
Spellcasting   | 1 |  1.1
Evocations     | 1 |  1.1
Fighting       | |  8.5
Staves         | |  2.7
Stealth        | |  2.5
Shields        | |  2.7
Conjurations   | |  0.9
Hexes          | |  0.9
Summonings     | |  0.9
Necromancy     | |  0.9
Translocations | |  0.9
Transmutations | |  0.9
Ice Magic      | |  0.9
Air Magic      | |  0.9
Earth Magic    | |  3.8
Poison Magic   | |  0.9

Action                   |  1- 3 |  4- 6 || total
-------------------------+-------+-------++-------
Melee: Dagger            |   122 |    40 ||   162
       Bite              |    10 |     3 ||    13
       Punch             |       |     1 ||     1
 Cast: Sandblast         |     1 |     2 ||     3
 Stab: Sleeping          |     4 |     2 ||     6
Armor: Robe              |    18 |    13 ||    31
Dodge: Dodged            |    70 |    24 ||    94
